Unix NetHack Version 5.0.0-0 post-release - last build May 17 2026 04:57:42 (dc50c8380fa5e20985bfe3072449f57b8d9895ef,branch:main).

Game began 2026-05-18 23:22:53, ended 2026-05-19 13:06:03.

Drastanta, lawful male human Samurai

                      ...
                      -).
               .-------..
               .s@.).....                                               ...
               /-------.                                               .....
                                                                        -<-
                                                                        ---
Drastanta the Joshu    St:13 Dx:15 Co:18 In:11 Wi:6 Ch:7  Lawful
Dlvl:9  $:0  HP:0(95) Pw:34(34) AC:4  Xp:10 T:2913 

Latest messages:
 You don't have that object.
 What do you want to drop? [a-ce-np-uw-zA-D or ?*] <enter>
 Never mind.
 d - 28 +0 ya.
 You have no ammunition readied.
 What do you want to fire? [bd or ?*] d
 You ready: d - 28 +0 ya.
 c - a +0 yumi (weapon in right hand).
 a - a +0 katana (alternate weapon; not wielded).
 In what direction? <esc>
 a - a +0 katana (weapon in right hand).
 c - a +0 yumi (alternate weapon; not wielded).
 You shudder for a moment.
 You feel like a new man!
 You kill the grid bug!
 The gnome lord picks up 3 crossbow bolts.
 The gnome lord shoots 2 crossbow bolts!
 The 1st crossbow bolt misses you.
 You are hit by the 2nd crossbow bolt.
 The gnome lord swings his crossbow.
 The gnome lord hits!
 You feel more confident in your weapon skills.
 You hit the gnome lord!
 The gnome lord swings his crossbow.
 The gnome lord hits!
 You hit the gnome lord!
 You hit the gnome lord!
 You hit the gnome lord!
 The gnome lord reads a scroll labeled MAPIRO MAHAMA DIROMAT!
 Call a scroll labeled MAPIRO MAHAMA DIROMAT: 
 You kill the gnome lord!
 There are several objects here.
 The ape hits!
 The ape hits again!
 The ape bites!
 The xan is caught in a spider web.
 What do you want to zap? [fwD or ?*] ?
 In what direction? >
 You dig a hole through the ground.
 You fall through...
 Some of the adjacent objects fall through the hole.
 You hear the howling of the CwnAnnwn...
 You kill the gnome!
 The giant spider bites!
 You hit the giant spider!
 The giant spider bites!
 The giant spider's bite was poisoned!
 You die...
 Do you want your possessions identified? [ynq] (y) y
 Do you want to see your attributes? [ynq] (y) q

Inventory:
 Weapons  (')')
  d - 28 +0 ya (in quiver)
  c - a +0 yumi (alternate weapon; not wielded)
  a - a +0 katana (weapon in right hand)
  b - a +0 wakizashi
 Armor    ('[')
  B - a cursed -1 pair of gauntlets of fumbling
  e - an uncursed rustproof +0 splint mail (being worn)
 Comestibles  ('%')
  k - an uncursed fortune cookie
  h - an uncursed lembas wafer
 Scrolls  ('?')
  C - an uncursed scroll of destroy armor
  y - an uncursed scroll of earth
  s - an uncursed scroll of identify
  g - an uncursed scroll of light
  t - an uncursed scroll of remove curse
  r - an uncursed scroll of scare monster
 Spellbooks  ('+')
  u - an uncursed spellbook of confuse monster
 Potions  ('!')
  x - a cursed potion of levitation
  p - an uncursed potion of sake
  i - an uncursed potion of speed
  q - an uncursed potion of water
 Rings    ('=')
  z - an uncursed ring of fire resistance
  j - an uncursed ring of levitation
  n - an uncursed ring of polymorph (on right hand)
 Wands    ('/')
  f - a wand of digging (0:6)
  w - a wand of magic missile (0:8)
  D - a wand of opening (0:6)
 Tools    ('(')
  m - a bag of tricks (0:5)
  A - an uncursed skeleton key
  l - a cursed skeleton key

Drastanta the Samurai's attributes:

Background:
 You were a Joshu, a level 10 male human Samurai.
 You were lawful, on a mission for Amaterasu Omikami
 who was opposed by Raijin (neutral) and Susanowo (chaotic).
 You were right-handed.
 You were in the Gnomish Mines, on level 9.
 You entered the dungeon 2913 turns ago.
 There was a new moon in effect when your adventure ended.
 You had 9018 experience points, 982 more were needed to attain level 11.

Basics:
 You had 0 out of 95 hit points.
 You had all 34 energy points (spell power).
 Your armor class was 4.
 Your wallet was empty.
 Autopickup was off.

Final Characteristics:
 Your strength was 13 (peak:18, limit:18/100).
 Your dexterity was 15 (limit:18).
 Your constitution was 18 (limit:18).
 Your intelligence was 11 (limit:18).
 Your wisdom was 6 (peak:7, limit:18).
 Your charisma was 7 (limit:18).

Final Status:
 You weren't hungry.
 You were unencumbered.
 You were wielding a long sword.
 You were skilled in long sword and could have enhanced that.

Final Attributes:
 You were piously aligned.
 You were telepathic.
 You were warded.
 You were polymorphing periodically.
 You were fast.
 You were unlucky.
 Amaterasu Omikami was angry with you.
 You are dead.

Miscellaneous:
 You didn't encounter any bones levels.
 Total elapsed playing time was 40 minutes and 49 seconds.

Major events:
 Turn
    1: Drastanta the lawful male human Samurai entered the dungeon
  281: entered the Gnomish Mines
  392: attained the rank of Ronin (level 3)
 1411: reached Mine Town
 1431: attained the rank of Ninja (level 6)
 2913: killed by a giant spider

You didn't know any spells.

Skills:
 Fighting Skills
   martial arts      [Basic]
   two weapon combat [Unskilled]
   riding            [Unskilled]
 Weapon Skills
   dagger            [Unskilled]
   knife             [Unskilled]
   short sword       [Basic]
   broadsword        [Unskilled]
   long sword        [Skilled]
   two-handed sword  [Unskilled]
   saber             [Unskilled]
   flail             [Unskilled]
   quarterstaff      [Unskilled]
   polearms          [Unskilled]
   spear             [Unskilled]
   lance             [Unskilled]
   bow               [Basic]
   shuriken          [Unskilled]
 Spellcasting Skills
   attack spells     [Unskilled]
   divination spells [Unskilled]
   clerical spells   [Unskilled]

Voluntary challenges:
 Character rerolling was not enabled.
 You never genocided any monsters.
 You never polymorphed an object.
 You never changed form.
 You used no wishes.
Achievements:
 You entered the Gnomish Mines.
 You attained the rank of Ronin.
 You entered Minetown.
 You attained the rank of Ninja.
 You entered a temple.
 You entered a shop.

 The Dungeons of Doom: levels 1 to 3
    Level 1:
    Level 2:
       Some fountains.
       Stairs down to The Gnomish Mines.
    Level 3:
 The Gnomish Mines: levels 3 to 9
    Level 3:
    Level 4:
    Level 5:
       Many shops, a temple and an altar, some fountains.
    Level 6:
    Level 7:
    Level 8:
    Level 9: <- You were here.
       Final resting place for
          you, killed by a giant spider.


Vanquished creatures:
  2 large mimics
  a giant beetle
  a leprechaun
  3 giant spiders
  2 gnome rulers
  a chickatrice
  a raven
  2 Mordor orcs
  a rock piercer
  a shrieker
 12 gnome leaders
  3 gnomish wizards
  2 little dogs
  2 floating eyes
  2 homunculi
  a kobold leader
  4 dwarf zombies
  2 iguanas
  2 coyotes
  a hobbit
  a hobgoblin
  a giant rat
  a cave spider
 46 gnomes
  a gnome zombie
  a fox
  a kobold
  3 goblins
  5 grid bugs
  2 bats
  3 lichens
  a kobold zombie
  4 newts
116 creatures vanquished.

No species were genocided or became extinct.

Game over:
                       ----------
                      /          \
                     /    REST    \
                    /      IN      \
                   /     PEACE      \
                  /                  \
                  |    Drastanta     |
                  |       0 Au       |
                  |   killed by a    |
                  |   giant spider   |
                  |                  |
                  |                  |
                  |       2026       |
                 *|     *  *  *      | *
        _________)/\\_//(\/(/\)/\//\/|_)_______

Sayonara Drastanta the Samurai...

You died in The Gnomish Mines on dungeon level 9 with 5492 points,
and 0 pieces of gold, after 2913 moves.
You were level 10 with a maximum of 95 hit points when you died.

